 Dungeon Crawl Stone Soup version 0.23.2-33-g5129a83184 (webtiles) character file.

Game seed: 7095868092822165780

1822 FishyPogo the Schismatic (level 8, 0/69 HPs)
             Began as a Grey Draconian Abyssal Knight on July 22, 2019.
             Was an Elder of Lugonu.
             Slain by Prince Ribbit (14 damage)
             ... on level 7 of the Dungeon.
             The game lasted 01:12:23 (4788 turns).

FishyPogo the Schismatic (DrAK)                     Turns: 4788, Time: 01:12:24

Health: 0/69       AC: 13    Str: 15    XL:     8   Next: 85%
Magic:  12/12      EV: 11    Int: 12    God:    Lugonu [****..]
Gold:   288        SH:  9    Dex: 11    Spells: 10/11 levels left

rFire    . . .     SeeInvis .   w - +6 flail (holy)
rCold    + . .     Gourm    .   x - +0 shield
rNeg     . . .     Faith    .   (armour unavailable)
rPois    .         Spirit   .   (helmet restricted)
rElec    .         Reflect  .   q - +0 cloak (curse)
rCorr    .         Harm     .   d - +0 pair of gloves
MR       .....                  (no boots)
Stlth    +.........             g - amulet of rage
HPRegen  0.21/turn              (no ring)
MPRegen  0.13/turn              (no ring)

@: no status effects
A: walk through water, unfitting armour, horns 2, cold resistance 1, weak 1,
unbreathing, evolution 1, cold-blooded, AC +11
a: Depart the Abyss, Bend Space, Banish, Corrupt, Renounce Religion, Evoke
Berserk Rage


You were on level 7 of the Dungeon.
You worshipped Lugonu.
Lugonu was greatly pleased with you.
You were not hungry.

You visited 1 branch of the dungeon, and saw 7 of its levels.
You visited the Abyss 1 time.

You collected 288 gold pieces.

Inventory:

Hand Weapons
 a - a +1 falchion
 i - a +0 dagger of distortion
 n - a +0 dagger of speed
 p - a +0 long sword
 w - a +6 flail of holy wrath (weapon)
 y - a +3 short sword
Missiles
 e - 11 poisoned needles
 h - 86 arrows
 r - 42 bolts
Armour
 d - a +0 pair of gloves (worn)
 q - a cursed +0 cloak (worn)
 x - a +0 shield (worn)
Jewellery
 g - an amulet of rage (around neck)
 j - an uncursed amulet of regeneration
Wands
 v - a wand of random effects (30)
Scrolls
 c - 2 scrolls of blinking
 f - 3 scrolls of teleportation
 t - 2 scrolls of identify
 B - 2 scrolls of remove curse {unknown}
Potions
 k - 2 potions of curing
 l - a potion of cancellation
 m - a potion of berserk rage
 o - a potion of flight
 u - 2 potions of heal wounds {unknown}
 A - a potion of haste {unknown}
Comestibles
 b - 8 rations


   Skills:
 + Level 5.6 Fighting
 - Level 5.2 Long Blades
 * Level 4.2 Maces & Flails
 - Level 3.9 Dodging
 - Level 0.6 Stealth
 * Level 4.3 Shields
 - Level 2.0 Spellcasting
 * Level 6.0 Invocations
 - Level 0.2 Evocations


You had 10 spell levels left.
You knew the following spells:

 Your Spells              Type           Power        Failure   Level  Hunger
a - Beastly Appendage     Tmut           #.....       71%         1    ##.....

Your spell library contained the following spells:

 Spells                   Type           Power        Failure   Level  Hunger
 Sticks to Snakes         Tmut           #.......     85%         2    ###....
 Spider Form              Tmut/Pois      #.........   97%         3    ####...
 Ice Form                 Ice/Tmut       #.......     100%        4    #####..
 Blade Hands              Tmut           #.........   100%        5    ######.


Dungeon Overview and Level Annotations

Branches:
Dungeon (7/15)
 Temple: D:4-7

Altars:
Fedhas
Qazlal
Sif Muna
Vehumet
Yredelemnul

Annotations:
D:4 exclusion: oklob plant
D:7 Prince Ribbit


Innate Abilities, Weirdness & Mutations

You can walk through water.
Your dull iron-grey scales are very hard. (AC +11)
You cannot fit into any form of body armour.
You can survive without breathing.
You are cold-blooded and may be slowed by cold attacks.
You have a pair of horns on your head.
Your flesh is cold resistant. (rC+)
You are weak. (Str -2)
You evolve.


Message History

You closely miss something. Something hits you but does no damage.
You closely miss something. You block something's attack. Something hits you.
Something shocks you.
You closely miss something. Your headbutt misses something.
Something hits you but does no damage.
There is a stone staircase leading down here.
Something hits you. Something shocks you.
You climb downwards.
Reactivating autopickup.
Prince Ribbit comes into view.
Prince Ribbit croaks.
There is a stone staircase leading up here.
You sock Prince Ribbit!
Prince Ribbit is moderately wounded.
Prince Ribbit hits you!
* * * LOW HITPOINT WARNING * * *
A sky beast appears from thin air!
Prince Ribbit hops awkwardly around.
Prince Ribbit hits you!
You die... ##### #@FY# ###.# #

You could see Prince Ribbit and a sky beast.

Vanquished Creatures
  Edmund (D:4)
  A black bear (D:6)
  2 phantoms (D:4)
  4 ogres
  A bullfrog (D:6)
  A scorpion (D:5)
  A howler monkey (D:5)
  A centaur zombie (D:5)
  2 hounds
  7 orc wizards
  2 centaur skeletons
  An iguana (D:4)
  Ijyb (D:4)
  8 worker ants
  7 gnolls
  11 adders
  A shadow imp (D:5)
  4 oozes
  3 worms
  A dart slug (D:1)
  4 leopard geckos
  25 orcs
  6 giant cockroaches
  2 gnoll zombies (D:4)
  9 goblins
  10 hobgoblins
  6 jackals
  6 kobolds
  2 quokkas
  A ball python (D:2)
  4 bats
  6 frilled lizards
  A quokka skeleton (D:4)
  A quokka zombie (D:5)
  7 rats
  A fungus (D:4)
  3 plants (D:4)
154 creatures vanquished.

Vanquished Creatures (others)
  2 orc priests
2 creatures vanquished.

Grand Total: 156 creatures vanquished

Notes
Turn   | Place    | Note
-------+----------+-------------------------------------------
     0 | Abyss:1  | FishyPogo the Draconian Abyssal Knight began the quest for
                  | the Orb.
     0 | Abyss:1  | Reached XP level 1. HP: 19/19 MP: 2/2
    56 | Abyss:1  | Noticed an orange demon
    73 | Abyss:1  | Noticed a starcursed mass
    84 | D:1      | Escaped the Abyss
   218 | D:1      | Reached XP level 2. HP: 16/26 MP: 3/3
   283 | D:1      | Reached * piety under Lugonu
   623 | D:1      | Reached XP level 3. HP: 32/33 MP: 4/4
   998 | D:2      | Reached XP level 4. HP: 24/40 MP: 5/5
  1275 | D:2      | Reached ** piety under Lugonu
  1424 | D:2      | Noticed an ogre
  1441 | D:2      | Killed an ogre
  1441 | D:2      | Reached XP level 5. HP: 39/46 MP: 6/6
  1444 | D:2      | Gained mutation: You are weak. (Str -2) [potion of
                  | mutation]
  1444 | D:2      | Gained mutation: You have a pair of small horns on your
                  | head. [potion of mutation]
  1444 | D:2      | Gained mutation: You evolve. [potion of mutation]
  1444 | D:2      | Gained mutation: Your flesh is cold resistant. (rC+)
                  | [potion of mutation]
  1547 | D:2      | Found a deep blue altar of Sif Muna.
  1888 | D:3      | Learned a level 1 spell: Beastly Appendage
  2156 | D:3      | Found a stormy altar of Qazlal.
  2286 | D:3      | Reached XP level 6. HP: 51/52 MP: 8/8
  2544 | D:4      | Noticed Edmund
  2565 | D:4      | Reached *** piety under Lugonu
  2565 | D:4      | Reached skill level 5 in Long Blades
  2606 | D:4      | Noticed Ijyb
  2623 | D:4      | Killed Ijyb
  2623 | D:4      | Reached skill level 3 in Invocations
  2631 | D:4      | Killed Edmund
  2631 | D:4      | Reached skill level 1 in Shields
  2656 | D:4      | Your scales start taking on a dull iron-grey colour.
  2656 | D:4      | Reached XP level 7. HP: 37/60 MP: 9/9
  2656 | D:4      | Gained mutation: You can survive without breathing. [Grey
                  | Draconian growth]
  2705 | D:4      | Reached skill level 1 in Maces & Flails
  2785 | D:4      | Reached skill level 4 in Invocations
  2896 | D:4      | Gained mutation: You have a pair of horns on your head.
                  | [evolution]
  3008 | D:4      | Reached skill level 1 in Spellcasting
  3041 | D:3      | Reached XP level 8. HP: 6/67 MP: 6/11
  3483 | D:4      | Found a radiant altar of Vehumet.
  3533 | D:4      | Reached skill level 5 in Fighting
  3624 | D:4      | Found a basalt altar of Yredelemnul.
  3677 | D:4      | Found a blossoming altar of Fedhas.
  3714 | D:4      | Noticed an oklob plant
  3934 | D:5      | Entered Level 5 of the Dungeon
  3969 | D:5      | Reached skill level 5 in Invocations
  4362 | D:5      | Reached **** piety under Lugonu
  4771 | D:6      | Reached skill level 6 in Invocations
  4786 | D:7      | Noticed Prince Ribbit
  4788 | D:7      | Slain by Prince Ribbit

Skill      XL: |  1  2  3  4  5  6  7  8 |
---------------+-------------------------+-----
Long Blades    | 3 4 5 |  5.2
Fighting       | 4 5 |  5.6
Dodging        | 3 |  3.9
Invocations    | 3 4 6 |  6.0
Shields        | 1 2 4 |  4.3
Maces & Flails | 2 4 |  4.2
Spellcasting   | 1 2 |  2.0
Stealth        | |  0.6
Evocations     | |  0.2

Action                   |  1- 3 |  4- 6 |  7- 9 || total
-------------------------+-------+-------+-------++-------
Melee: Falchion          |    87 |   139 |       ||   226
       Tailslap          |    15 |    24 |    33 ||    72
       Headbutt          |       |    27 |    45 ||    72
       Flail             |       |    11 |   240 ||   251
Invok: Depart the Abyss  |     1 |       |       ||     1
       Bend Space        |       |     5 |     2 ||     7
       Banish            |       |       |     3 ||     3
 Abil: Evoke Berserk Rag |       |     1 |     2 ||     3
Evoke: Wand              |       |       |     3 ||     3
  Use: Scroll            |     4 |     2 |     2 ||     8
       Potion            |       |     5 |     3 ||     8
 Stab: Sleeping          |     1 |     1 |     2 ||     4
       Invisible         |       |     1 |       ||     1
       Paralysed         |       |       |     4 ||     4
  Eat: Chunk             |       |     6 |     7 ||    13
       Ration            |       |       |     1 ||     1
Armor: Skin              |    25 |    42 |    88 ||   155
Dodge: Dodged            |    63 |    85 |    99 ||   247
Block: Buckler           |       |     4 |    26 ||    30
       Shield            |       |       |    17 ||    17
       Rpst.: Falchion   |    16 |    24 |       ||    40
